Cogmind - Beta 17.1 @@@ ROGUE MODE // 2026.09.15 @ 20:22:19 Player: Ethranok Result: Self-destructed Performance ------------- Evolutions (1) 500 Regions Visited (3) 600 Robots Destroyed (46) 230 Value Destroyed (951) 951 Prototype IDs (2) 40 Alien Tech Used (0) 0 Bonus (0) 0 TOTAL SCORE: 2321 Bonus ------- None Cogmind --------- Core Integrity 185/400 Matter 287/300 Energy 100/100 System Corruption 0% Temperature Cool (0) Movement Core (750) Ox14 Location -9/Materials Parts ------- > --- POWER (1) -------- (None) > --- PROPULSION (2) --- (None) > --- UTILITY (4) ------ High-capacity Storage Unit Utility Shielding Hacking Suite > --- WEAPON (2) ------- Mace Mace > --- INVENTORY (20) --- Light Ion Engine Cooled Ion Engine Cooled Ion Engine Light Treads Light Treads Light Treads Improved Treads Improved Treads Cargo Storage Unit Weight Redist. System Signal Interpreter Utility Shielding Hacking Suite Heavy Assault Rifle Light Cannon Grenade Launcher Grenade Launcher Rocket Launcher Peak State ------------ > --- POWER ------------ Heavy Ion Engine > --- PROPULSION ------- Improved Treads Improved Treads > --- UTILITY ---------- High-capacity Storage Unit Utility Shielding Light Armor Plating Hacking Suite > --- WEAPON ----------- Mace Mace > --- INVENTORY -------- Light Ion Engine Cooled Ion Engine Cooled Ion Engine Light Treads Light Treads Light Treads Improved Treads Improved Treads Cargo Storage Unit Weight Redist. System Signal Interpreter Utility Shielding Hacking Suite Heavy Assault Rifle Light Cannon Grenade Launcher Grenade Launcher Rocket Launcher [Rating: 20] Favorites ----------- Power Cooled Ion Engine Engine Cooled Ion Engine Propulsion Improved Treads Treads Improved Treads Utility High-capacity Storage Unit Device Weight Redist. System Storage High-capacity Storage Unit Hackware Hacking Suite Protection Utility Shielding Weapon Light Cannon Energy Gun Medium Laser Ballistic Gun Light Assault Rifle Ballistic Cannon Light Cannon Launcher Grenade Launcher Impact Weapon Mace Build | -11 -10 -10 -9 ------- Run | Yrd Mat Min Mat Slots Evolved 2 | . . . 2 Power . | . . . . Propulsion . | . . . . Utility 2 | . . . 2 Weapon . | . . . . Parts Attached 25 | 6 11 . 8 Power 4 | 1 2 . 1 Engine 4 | 1 2 . 1 Core . | . . . . Reactor . | . . . . Propulsion 5 | 2 2 . 1 Treads 5 | 2 2 . 1 Leg . | . . . . Wheel . | . . . . Hover . | . . . . Flight . | . . . . Utility 8 | 1 5 . 2 Device 1 | . 1 . . Storage 4 | 1 3 . . Processor . | . . . . Hackware 1 | . 1 . . Protection 2 | . . . 2 Artifact . | . . . . Weapon 8 | 2 2 . 4 Energy Gun 1 | 1 . . . Energy Cannon . | . . . . Ballistic Gun 1 | 1 . . . Ballistic Cannon 2 | . 1 . 1 Launcher 2 | . 1 . 1 Special Weapon . | . . . . Impact Weapon 2 | . . . 2 Slashing Weapon . | . . . . Piercing Weapon . | . . . . Special Melee Weapon . | . . . . Unidentified Prototypes 2 | . 1 . 1 Parts Lost 6 | . 1 . 5 Power 2 | . 1 . 1 Propulsion 2 | . . . 2 Utility 1 | . . . 1 Weapon 1 | . . . 1 Highest Loss Streak 5 | . 1 . 5 To Critical Strikes . | . . . . Average Backups 14 | 1 11 17 17 Power 2 | . 1 3 2 Propulsion 3 | . 2 4 4 Utility 3 | . 2 4 4 Weapon 5 | . 4 6 6 Tool/Special . | . . . . Unused Backups 18 | 1 3 . 14 Power 4 | . 1 . 3 Propulsion 5 | . . . 5 Utility 4 | . 1 . 3 Weapon 5 | 1 1 . 3 Tool/Special . | . . . . Average Slot Usage (%) 96 | . 96 100 92 Engine 13 | . 13 14 11 Treads 26 | . 28 28 21 Device 3 | . 8 . . Storage 13 | . 14 14 11 Hackware 8 | . 1 14 11 Protection 3 | . . . 15 Energy Gun 1 | . 4 . . Ballistic Gun 11 | . 13 14 1 Ballistic Cannon 12 | . 7 14 19 Peak Build Rating 20 | 6 15 15 20 Average Rating 13 | 3 10 15 16 On Entrance 9 | . 6 15 15 Avg Prop Armor Cover (%) . | . . . . Naked Turns . | . . . . Heaviest Build 58 | 11 52 52 58 Greatest Support 52 | 40 52 46 46 Greatest Overweight (x) 17 | . 1 1 17 Average Overweight (x) . | . . 1 1 Largest Inventory Capacity 20 | 8 20 20 20 Average Capacity 18 | 7 17 20 20 Most Carried 20 | 5 18 19 20 Average Carried 15 | 1 11 18 18 Final Capacity 20 | 8 20 20 20 Final Carried 19 | 1 18 19 19 Class Distribution -------------------- 100% | Mutant Dominant Class ---------------- Mutant | -10/Materials Mutant | -10/Mines Mutant | -9/Materials Resources | -11 -10 -10 -9 ----------- Run | Yrd Mat Min Mat Matter Collected 863 | 229 352 73 209 Remotely . | . . . . Salvage Created 1074 | . 588 84 402 Parts 89 | . 45 12 32 Haulers Intercepted 4 | . 2 . 2 Recyclers Shooed . | . . . . Parts Field Recycled . | . . . . Retrieved Matter . | . . . . Parts Self-Destructed . | . . . . Prevented . | . . . . Parts Restored . | . . . . Kills | -11 -10 -10 -9 ------- Run | Yrd Mat Min Mat Combat Hostiles Destroyed 31 | . 14 6 11 Guns 10 | . 6 4 . Cannons 15 | . 4 2 9 AOE 6 | . 4 . 2 Classes Destroyed 8 | . 7 . 1 Worker 3 | . 2 . 1 Builder 2 | . 2 . . Hauler 4 | . 2 . 2 Operator 3 | . 2 . 1 Watcher 3 | . 3 . . Swarmer 12 | . 3 6 3 Grunt 17 | . 11 . 6 Sentry 2 | . . . 2 Best Kill Streak 8 | . 8 3 4 Combat Bots Only 4 | . 4 3 3 Max Kills in Single Turn 3 | . 3 2 2 Gunslinging . | . . . . Exploded 2 | . 2 . 2 Melee . | . . . . Uniques/NPCs Destroyed . | . . . . Combat | -11 -10 -10 -9 -------- Run | Yrd Mat Min Mat Hostile Shots Fired 222 | . 50 14 158 Missed 66 | . 15 5 46 Hits 156 | . 35 9 112 Projectile 156 | . 35 9 112 Critical Strikes 2 | . . . 2 Damage Taken 1678 | . 424 79 1175 Core 294 | . 79 . 215 Absorbed by Shields . | . . . . Redirected to Shielding 20 | . . . 20 Core Remaining (%) 84 | 100 . 68 . Volleys Fired 80 | . 51 8 21 Largest 2 | . 2 2 2 Hottest 80 | . 80 50 60 Shots Fired 147 | . 91 16 40 Gun 65 | . 57 8 . Cannon 72 | . 25 8 39 Launcher 10 | . 9 . 1 Special . | . . . . Kinetic 122 | . 67 16 39 Thermal 15 | . 15 . . Explosive 10 | . 9 . 1 Electromagnetic . | . . . . Robot Hit Streak 8 | . 7 4 8 Robot Miss Streak 6 | . 6 2 4 Penetration Max . | . . . . Secondary Targets . | . . . . Shots Hit Robots 92 | . 53 8 31 Core Hits 57 | . 35 6 16 Critical Kills 1 | . 1 . . Critical Parts Destroyed . | . . . . Critical Strikes 2 | . 1 . 1 Destroy 1 | . 1 . . Blast 1 | . . . 1 Melee Attacks 10 | . . . 10 Impact 10 | . . . 10 Slashing . | . . . . Piercing . | . . . . Sneak Attacks . | . . . . Combat Hostiles . | . . . . Follow-up Attacks 1 | . . . 1 Damage Inflicted 1851 | . 1035 136 680 Guns 370 | . 308 62 . Cannons 743 | . 277 57 409 Explosions 533 | . 441 . 92 Melee 177 | . . . 177 Ramming 28 | . 9 17 2 Kinetic 1010 | . 482 119 409 Thermal 103 | . 103 . . Explosive 533 | . 441 . 92 Electromagnetic . | . . . . Impact 177 | . . . 177 Slashing . | . . . . Piercing . | . . . . Highest Corruption . | . . . . Average Corruption . | . . . . Corruption Purged . | . . . . Corruption Blocked . | . . . . Overload Shots . | . . . . Overflow Damage . | . . . . Projectiles . | . . . . Explosions . | . . . . Melee . | . . . . Knockbacks 3 | . 1 . 2 Impact . | . . . . Kinetic 3 | . 1 . 2 Secondary . | . . . . Self-Inflicted Damage 39 | . 39 . . Shots 1 | . 1 . . Rammed 8 | . 4 3 1 Targets Rammed 8 | . 4 3 1 Kicked . | . . . . Crushed . | . . . . Highest Temperature 100 | . 100 12 8 Average Temperature 19 | . 24 5 1 Received Heat Transfer 486 | . 180 . 306 Siege Activations . | . . . . Martial Activations . | . . . . Shielding Activations . | . . . . Robots Disrupted . | . . . . Combat Hostiles . | . . . . Robots Corrupted . | . . . . Combat Hostiles . | . . . . Parts Fried . | . . . . Impact Corruptions . | . . . . Robots Melted . | . . . . Combat Hostiles . | . . . . Parts Melted . | . . . . Heat Transferred 296 | . 296 . . Parts Sabotaged . | . . . . Parts Stolen . | . . . . Parts Stripped . | . . . . Power Chain Reactions . | . . . . Alert | -11 -10 -10 -9 ------- Run | Yrd Mat Min Mat Maximum Alert Level . | . . . . Low Security (%) 100 | 100 100 100 100 Level 1 . | . . . . Level 2 . | . . . . Level 3 . | . . . . Level 4 . | . . . . Level 5 . | . . . . High Security . | . . . . Max Security . | . . . . Peak Influence 152 | . 152 85 125 Initial 22 | . . 22 1 Average 49 | . 86 13 54 Influence Increases 971 | . 493 155 323 Destroy 0b10 Robot/C 620 | . 280 120 220 Destroy 0b10 Robot/NC 75 | . 55 . 20 Destroy Leader 144 | . 70 20 54 Successful Hack 39 | . 25 . 14 Disable Machine 30 | . 15 15 . Destroy Structure 63 | . 48 . 15 Influence Decreases 971 | . 434 208 329 Entered New Map 42 | . . 37 5 Time Decay 870 | . 424 171 275 Lost Part 59 | . 10 . 49 Squads Dispatched 6 | . 4 . 2 Investigation 4 | . 2 . 2 Extermination . | . . . . Reinforcement 2 | . 2 . . Assault . | . . . . Garrison . | . . . . Intercept . | . . . . Searches Triggered . | . . . . Construction Impeded . | . . . . Haulers Reinforced . | . . . . Active Scanning Responses . | . . . . Cargo Convoy Interrupts . | . . . . Stealth | -11 -10 -10 -9 --------- Run | Yrd Mat Min Mat Distress Signals 2 | . . . 2 Communications Jammed . | . . . . Distress Signals . | . . . . Times Spotted 45 | . 21 6 18 Peak Tracking Total 7 | . 4 3 7 Tactical Retreats . | . . . . Traps | -11 -10 -10 -9 ------- Run | Yrd Mat Min Mat Traps Triggered 1 | . 1 . . Indirectly . | . . . . Trap Hack Attempts . | . . . . Triggered . | . . . . Disarmed . | . . . . Reprogrammed . | . . . . Reused . | . . . . Traps Extracted . | . . . . Installed . | . . . . Triggered . | . . . . Machines | -11 -10 -10 -9 ---------- Run | Yrd Mat Min Mat Machines Disabled 2 | . 1 1 . Max in Single Turn 1 | . 1 1 . Machines Repaired . | . . . . Machines Dismantled . | . . . . Machines Sabotaged . | . . . . Overloaded Fab Kills . | . . . . Hacking | -11 -10 -10 -9 --------- Run | Yrd Mat Min Mat Machines Accessed 8 | . 5 . 3 Terminals 7 | . 4 . 3 Fabricators . | . . . . Repair Stations . | . . . . Recycling Units 1 | . 1 . . Scanalyzers . | . . . . Garrison Access . | . . . . Total Hacks 27 | . 17 . 10 Successful 13 | . 9 . 4 Failed 13 | . 7 . 6 Catastrophic 3 | . 2 . 1 Database Lockouts 1 | . 1 . . Manual 22 | . 13 . 9 Terminals 24 | . 14 . 10 Fabricators . | . . . . Repair Stations . | . . . . Recycling Units 3 | . 3 . . Scanalyzers . | . . . . Garrison Access . | . . . . Terminal Hacks 7 | . 5 . 2 Record 1 | . . . 1 Robot Analysis 1 | . 1 . . Branch Access Points 1 | . 1 . . Terminal Index 2 | . 1 . 1 Alert Level 1 | . 1 . . Zone Layout 1 | . 1 . . Fabricator Hacks . | . . . . Repair Station Hacks . | . . . . Recycling Unit Hacks 2 | . 2 . . Report Inventory 1 | . 1 . . Retrieve Components 1 | . 1 . . Scanalyzer . | . . . . Garrison Access Hacks . | . . . . Unauthorized Hacks 4 | . 2 . 2 Terminals 4 | . 2 . 2 Assimilate 2 | . 1 . 1 Operators 2 | . 1 . 1 Fabricators . | . . . . Repair Stations . | . . . . Recycling Units . | . . . . Scanalyzers . | . . . . Garrison Access . | . . . . Data Cores Recovered 1 | . . . 1 Used . | . . . . Hacking Detections 7 | . 4 . 3 Full Trace Events 6 | . 4 . 2 Feedback Events . | . . . . Feedback Blocked . | . . . . Robot Schematics Acquired . | . . . . Robots Built . | . . . . Authchips . | . . . . Time . | . . . . Total Robot Build Rating . | . . . . Part Schematics Acquired . | . . . . Parts Built . | . . . . Authchips . | . . . . Time . | . . . . Total Part Build Rating . | . . . . Part Studies Acquired . | . . . . Parts Repaired . | . . . . Time . | . . . . Parts Recycled . | . . . . Recycled Matter . | . . . . Retrieved Matter . | . . . . Retrieved Components 10 | . 10 . . Parts Scanalyzed . | . . . . Part Schematics Acquired . | . . . . Parts Damaged . | . . . . Bothacking | -11 -10 -10 -9 ------------ Run | Yrd Mat Min Mat Used RIF Installer . | . . . . Robots Hacked . | . . . . Non-combat . | . . . . Combat . | . . . . Robot Hacks Applied . | . . . . Relay Couplers Released . | . . . . Fabnet Peak Effective % . | . . . . Robots Rewired . | . . . . Allies Hacked . | . . . . Hacks Repelled . | . . . . Allies | -11 -10 -10 -9 -------- Run | Yrd Mat Min Mat Total Allies . | . . . . Largest Group . | . . . . Highest-Rated Group . | . . . . Highest-Rated Ally . | . . . . Total Orders . | . . . . Ally Attacks . | . . . . Total Damage . | . . . . Kills . | . . . . Allies Corrupted . | . . . . Allies Melted . | . . . . Intel | -11 -10 -10 -9 ------- Run | Yrd Mat Min Mat Active Infowar (turns) . | . . . . Robot Analysis Total 1 | . 1 . . Derelict Logs Recovered 1 | . . 1 . Drone Launches . | . . . . Drone Recoveries . | . . . . Exploration | -11 -10 -10 -9 ------------- Run | Yrd Mat Min Mat Turns Passed 3088 | 54 1149 1200 685 Spaces Moved 1287 | 34 532 487 234 Core 17 | 16 . . 1 Treads 1270 | 18 532 487 233 Legs . | . . . . Wheels . | . . . . Hover . | . . . . Flight . | . . . . Fastest Speed 50 | 50 160 240 240 Average Speed 211 | 108 177 240 242 Slowest Speed 900 | 160 240 240 900 Overloaded Moves . | . . . . Propulsion Burnouts . | . . . . Robots Hopped . | . . . . Potential Cave-ins . | . . . . Cave-ins Triggered . | . . . . Exploration Rate (%) 49 | 3 83 94 18 Regions Visited 3 Branch Regions 1 Pre-discovered Areas 1 | . . 1 . Known Exits Taken 1 | . 1 . . Unknown Exits Taken 2 | 1 . 1 . Scrap Searched 1 | . . 1 . Spaces Dug . | . . . . Terrain Destroyed 57 | . 43 . 14 Melee . | . . . . Projectile 1 | . . . 1 AOE 56 | . 43 . 13 Terrain Rammed . | . . . . Walls Destroyed . | . . . . Machines Disabled . | . . . . Actions | -11 -10 -10 -9 --------- Run | Yrd Mat Min Mat Total 1496 | 52 650 501 293 Wait 26 | 4 16 1 5 Move 1284 | 33 531 486 234 Hop . | . . . . Pick Up 45 | 8 26 2 9 Fast Attach . | . . . . Attach 11 | 6 2 . 3 Detach . | . . . . Swap 17 | . 12 . 5 Drop 16 | 1 8 1 6 Fire 80 | . 51 8 21 Melee 9 | . . . 9 Ram . | . . . . Kick . | . . . . Crush 8 | . 4 3 1 Escape Stasis . | . . . . Rewire . | . . . . Trap . | . . . . Miscellaneous . | . . . . Route ------- -11/Scrapyard -10/Materials (discovered 3 exits: *Mat x2 / *Min) -10/Mines (discovered 2 exits: *Mat x2) -9/Materials (discovered 1 exit: [*Min]) History --------- Turn | Location | Event 13 | -11/Scrapyard | Discovered new exit (range 14) 55 | -11/Scrapyard | Entered Materials 189 | -10/Materials | Discovered new exit (range 7) 306 | -10/Materials | Build established: Mutant 439 | -10/Materials | Identified exit to Mines 769 | -10/Materials | Discovered new exit (range 14) 946 | -10/Materials | Discovered new exit (range 11) 1045 | -10/Materials | Central database locked down 1204 | -10/Materials | Entered Mines 2000 | -10/Mines | Discovered new exit (range 11) 2192 | -10/Mines | Received a Rocket Launcher from a helpful Derelict 2205 | -10/Mines | Discovered new exit (range 11) 2404 | -10/Mines | Entered Materials 2404 | -9/Materials | Evolved 2 slots: Utility x2 3034 | -9/Materials | Discovered new exit (range 15) 3088 | -9/Materials | Core integrity fell below 50% 3089 | -9/Materials | Self-destructed Last Messages --------------- 03054_ Imp. Treads destroyed. 03057_ K-01 Serf collects debris. 03060_ Mace follow-up attack on Y-45 Defender. 03061_ R-06 Scavenger collects Lgt. Ion Engine. 03062_ Critical hit (Burn: +37). 03062_ Lgt. Armor Plating destroyed. 03065_ R-06 Scavenger collects Hover Unit. 03065_ W-16 Scout destroyed. 03067_ K-01 Serf collects debris. 03068_ R-06 Scavenger collects Lgt. Ion Engine. 03072_ R-06 Scavenger collects Lgt. Treads. 03073_ K-01 Serf collects debris. 03080_ K-01 Serf cleans the Machine. 03081_ K-01 Serf cleans the Nuclear Reactor. 03081_ S-10 Pest suffers critical hit (Destroy). 03082_ Critical hit (Burn: +37). 03082_ M-13 Machinist repairs S-10 Pest. 03084_ Hvy. Ion Engine destroyed. 03085_ K-01 Serf cleans the Nuclear Reactor. 03086_ Imp. Treads destroyed. Map ----- +----------------------------------------------------+ | ?????????????????????????????????????????????????# | | ?????????????????????????????????????????????????# | | ?????????????????????????????????????????????????# | | ?????????????????????????????????????????????????# | | ?????????????????????????????????????????????????# | | ????????????????????????????????????????########## | | ????????????????????????????????????????# # | | ????????????????????????????########?#### T # | | ???????????????????????????# ## """"""" # # | | ??????????????????????????? ## """"""" # # | | ???????????????????????????" ## """"""" # + | | ??????????????????????# """" ## """"""" # """ # | | ??????????????????????# """" ## """%""" # """ | | ??????????????????????# ## # """ | | ??????????????????????# """" ## [ # [% | | ??????????????????????# """" ## =% #########* | | ??????????????????????# """" ######%#####???????#] | | ??????????????????????# #####*%!############] | | ??????????????????????#""" + %!= | | ??????????????????????#"T ##### !** = | | ??????????????????????#""" #???# % *% = | | ??????????????????????# % #??## ############# | | ???????? "##/#########+####### % #??????????? | | ??????? ku #??????????? | | ??????? < s g s %!k #??????????? | | ??????? r m @ Y ] #??????????? | | ????????? ##+#########k####### #??????????? | | ???????????????????????? ????#######??????????? | | ???????????????????????? """ ????????????????????? | | ???????????????????????# """ ???????????????????? | | ??????????????????????? """ #??????????????????? | | ???????????????????????# #??????????????????? | | ???????????????????????# #??????????????????? | | ???????????????????????# ?#??????????????????? | | ???????????????????????#"" ??????????????????????? | | ???????????????????????#"????????????????????????? | | ?????????????????????????????????????????????????? | | ?????????????????????????????????????????????????? | | ?????????????????????????????????????????????????? | | ?????????????????????????????????????????????????? | | ?????????????????????????????????????????????????? | | ?????????????????????????????????????????????????? | | ?????????????????????????????????????????????????? | | ?????????????????????????????????????????????????? | | ?????????????????????????????????????????????????? | | ?????????????????????????????????????????????????? | | ?????????????????????????????????????????????????? | | ?????????????????????????????????????????????????? | | ?????????????????????????????????????????????????? | | ?????????????????????????????????????????????????? | +----------------------------------------------------+ Best States ------------- Heat Dissipation 28 Energy Generation 14 Energy Capacity 280 Matter Stores 300 Matter Capacity 300 Sight Range 16 Terrain Scan Density 10 Additional Mass Support 6 Armor Coverage 150 Utility Shielding 33 Evasion (%) 50 Recoil Reduction 2 Offensive Hacking 10 Item Schematics ----------------- None Robot Schematics ------------------ None Fabricated ------------ Nothing Repaired ---------- Nothing Studied --------- None Alien Tech Used ----------------- None Achievements -------------- None Challenges ------------ None Game ------ Seed ZipHeavyThrower Manual? 0 Play Time 00:21:05 Cumulative 28.7 hours Start 2026.09.15 @ 20:01:47 End 2026.09.15 @ 20:22:19 Sessions 1 Manual Loads 0 Difficulty Rogue Special Mode None Game No. 38 Rogue 38 Adventurer 0 Explorer 0 Win Type - Total 0 Types 0/0/0/0/0/0/0/0/0/0 Lore% 9 Gallery% 14 Achievement% 17 Wizard Run 0 Options --------- Layout 0 ASCII 0 Keyboard 0 Movement Arrows Keybinds 0 Fullscreen 1 Font 24/Smallcaps Map View 56x25 Zoom Use 66% Tactical HUD 1 Map Filters NONE Filters NONE Steam 1 RUN: fc98266c-976f-4d4f-88e7-a6c6a9cdbdaf